 Dungeon Crawl Stone Soup version 0.24-a0-769-g368c1644f8 (webtiles) character file.

Game seed: 9779827308030950211, levelgen mode: deterministic

20 Arixos the Vexing (level 2, 0/12 HPs)
             Began as a Felid Enchanter on Oct 5, 2019.
             Succumbed to an adder's poison
             ... on level 2 of the Dungeon.
             The game lasted 00:03:01 (661 turns).

Arixos the Vexing (Felid Enchanter)                  Turns: 661, Time: 00:03:02

Health: 0/12       AC:  1    Str:  4    XL:     2   Next: 58%
Magic:  1/6        EV: 18    Int: 16    God:
Gold:   10         SH:  0    Dex: 16    Spells: 2/5 levels left
                                        Lives:  0   Deaths: 0

rFire    . . .     SeeInvis +     - Unarmed
rCold    . . .     Gourm    .   (shield unavailable)
rNeg     . . .     Faith    .   (armour unavailable)
rPois    .         Spirit   .   (helmet unavailable)
rElec    .         Reflect  .   (cloak unavailable)
rCorr    .         Harm     .   (gloves unavailable)
MR       .....                  (boots unavailable)
Stlth    +++.......             (no amulet)
HPRegen  0.04/turn              (no ring)
MPRegen  0.10/turn              (no ring)

@: lethally poisoned (0 -> -8), quick
A: very small, no armour, no weapons or thrown items, stealth, claws 1, fangs 3,
see invisible, carnivore, speed 1, shaggy fur 1, slow metabolism 1, sharp paws
a: no special abilities


You were on level 2 of the Dungeon.
You were full.

You visited 1 branch of the dungeon, and saw 2 of its levels.

You collected 10 gold pieces.

Inventory:

Jewellery
 c - an uncursed ring of positive energy {unknown}
Scrolls
 a - a scroll of identify {unknown}
Comestibles
 b - a ration


   Skills:
 + Level 0.6 Fighting
 + Level 3.0 Dodging
 + Level 4.2 Stealth
 + Level 1.3 Unarmed Combat
 + Level 2.1 Spellcasting
 + Level 4.6 Hexes
 + Level 0.2 Ice Magic


You had 2 spell levels left.
You knew the following spells:

 Your Spells              Type           Power        Failure   Level  Hunger
a - Ensorcelled Hibernat  Hex/Ice        #.....       11%         2    ###....
b - Corona                Hex            ###....      3%          1    #......

Your spell library contained the following spells:

 Spells                   Type           Power        Failure   Level  Hunger
 Confuse                  Hex            ###.....     9%          3    ###....
 Tukima's Dance           Hex            ###.....     9%          3    ###....
 Dazzling Spray           Conj/Hex       #.....       24%         3    ###....


Dungeon Overview and Level Annotations

Branches:
Dungeon (2/15)

Altars:
Sif Muna


Innate Abilities, Weirdness & Mutations

You cannot wear armour.
You are incapable of wielding weapons or throwing items.
Your paws allow you to move quietly. (Stealth)
You have sharp claws.
You have razor-sharp teeth.
You have supernaturally acute eyesight. (SInv)
You are carnivorous and can eat meat at any time.
You cover ground quickly.
You are covered in fur. (AC +1)
You have a slow metabolism.
Your sharp claws are effective at attacking unaware monsters.


Message History

Press: ? - help, Shift-Dir - straight line, f/p - adder
Aim: an adder (chance to defeat MR: 50%)
The adder looks drowsy...
The helpless adder fails to defend itself.
You claw the adder!
The adder is severely wounded.
The adder bites you.
You scratch the adder but do no damage.
The adder is severely wounded.
The adder closely misses you. The adder misses you.
You scratch the adder but do no damage.
The adder is severely wounded.
The adder bites you.
* * * LOW HITPOINT WARNING * * *
You are lethally poisoned!
The adder poisons you!
You scratch the adder.
You kill the adder!
Your Dodging skill increases to level 3!
You die...

#.......# #..... #
##...###
##.##.##..
####..##.....
##....##......
###..#..........
###..[...#########
#@.J...### #
######## # #


You could see an ooze.

Vanquished Creatures
  An adder (D:2)
  An ooze (D:1)
  A leopard gecko (D:1)
  2 bats (D:1)
  2 goblins (D:1)
  A rat (D:1)
8 creatures vanquished.

Notes
Turn   | Place    | Note
-------+----------+-------------------------------------------
     0 | D:1      | Arixos the Felid Enchanter began the quest for the Orb.
     0 | D:1      | Reached XP level 1. HP: 7/7 MP: 4/4
   491 | D:1      | Reached XP level 2. HP: 12/12 MP: 4/6
   511 | D:1      | Learned a level 2 spell: Ensorcelled Hibernation
   640 | D:2      | Found a shimmering blue altar of Sif Muna.
   661 | D:2      | Succumbed to an adder's poison

Levels and vault maps discovered:
D:1:      dpeg_arrival_simpleton_c, layout_basic, minmay_circled_x
D:2:      layout_rooms, lemuel_round_altar, grunt_temple_overflow_open,
          first_ration

Skill      XL: |  1  2 |
---------------+-------+-----
Dodging        | 3 |  3.0
Fighting       | |  0.6
Stealth        | |  4.2
Unarmed Combat | |  1.3
Spellcasting   | |  2.1
Hexes          | |  4.6
Ice Magic      | |  0.2

Action                   || total
-------------------------++-------
Melee: Unarmed           ||    19
       Bite              ||     1
 Cast: Corona            ||     4
       Ensorcelled Hiber ||     7
 Stab: Sleeping          ||     4
  Eat: Chunk             ||     4
Dodge: Dodged            ||    28

Table legend:
 A = Non-vault XP
 B = Vault XP
 C = Vault XP percentage of total XP
 D = Non-vault monster count
 E = Vault monster count
 F = Vault count percentage of total count
                 A         B        C        D         E       F
            +---------+---------+-------+---------+---------+-------
      Total |      29 |       0 |   0.0 |       8 |       0 |   0.0
            +---------+---------+-------+---------+---------+-------
        D:1 |      16 |       0 |   0.0 |       7 |       0 |   0.0
        D:2 |      13 |       0 |   0.0 |       1 |       0 |   0.0
            +---------+---------+-------+---------+---------+-------
